AoeStats
← 李太君の秽土转生

Arena

508783304Analyzed
1v1 RM · 8d ago on Sep 24, 2026· 25m 58s· 2 players
Game mode
Random Map
Map size
Tiny (2 player)
Population
200
Speed
Normal
Resources
Standard
Victory
Conquest
Starting age
Dark Age
Ending age
Imperial Age
RankedLock teamsTeams togetherTeam positionsShared explorationLock speedFull tech treeHidden civsTurbo modeCheats
Victory
Defeat
🇮🇪 Turks · Ireland
813
+15
784
-15
李太君の秽土转生
7:30 Loom
9:27 Feudal Age
10:13 Double-Bit Axe
15:29 Castle Age
15:09 Horse Collar
19:24 Bow Saw
24:24 Heavy Plow
25:22 Gold Mining
Markhaverty
11:48 Feudal Age
13:52 Gold Mining
13:51 Double-Bit Axe
16:13 Castle Age
20:11 Imperial Age
19:34 Gold Shaft Mining
24:22 Padded Archer Armor
Connection lost

Rejoining the realm…

Still unreachable

The connection could not be restored.

Session expired

The server has moved on; the page needs a fresh start.